Map: Iron Fortress LE (Void)

Players

Bop

  • Race: Terran Terran

XPA - Winner!

  • Race: Terran Terran

VOD

Have the link to the VOD?

Description

Time

  • Played on: May 3, 2015, 7:25 a.m.
  • Length: 6:15
Show
View Real Time Build Order
Export as new Build Order

Bop Terran 

Build Orders:  

Get SALT Encoding   

  12  0:02  SCV  
  13  0:14  SCV  
  14  0:19  Supply Depot  
  14  0:26  SCV  
  15  0:40  SCV  
  16  0:43  Barracks  
  16  0:46  Refinery  
  16  0:53  SCV  
  17  1:05  SCV  
  17  1:08  Barracks  
  18  1:17  SCV  
  19  1:30  Orbital Command  
  19  1:31  Reaper  
  20  1:35  Supply Depot  
  20  1:55  Barracks  
  20  1:58  Barracks  
  20  2:00  Reaper  
  21  2:09  SCV  
  21  2:12  Reaper  
  23  2:21  SCV, Refinery  
  24  2:32  Reaper  
  24  2:33  SCV  
  26  2:49  Reaper  
  27  2:55  Reaper  
  28  3:03  Reaper  
  28  3:07  SCV  
  28  3:16  Missile Turret  
  28  3:17  Command Center  
  30  3:20  SCV  
  31  3:32  Supply Depot  
  31  3:38  SCV  
  31  3:43  Barracks Reactor  
  31  3:44  Barracks Reactor, Barracks Tech Lab  
  28  3:50  SCV  
  28  3:53  Missile Turret  
  28  3:55  Marine  
  30  4:02  SCV  
  31  4:06  Stimpack  
  32  4:15  Marauder  
  33  4:19  SCV  
  33  4:21  Marine  
  33  4:22  Barracks Reactor, Marine x2  
  37  4:24  Supply Depot  
  37  4:27  Supply Depot  
  37  4:31  Factory  
  37  4:32  Orbital Command  
  36  4:40  Marine  
  36  4:50  Marine x3  
  37  4:57  SCV  
  37  4:58  Marine x2  
  39  5:00  Marine  
  39  5:01  Marine  
  39  5:06  Orbital Command  
  39  5:08  Marine x3  
  42  5:15  Marine  
  42  5:16  Marine  
  42  5:18  Marine x2  
  46  5:28  Marine  
  46  5:29  Marine  
  47  5:37  Missile Turret  
  46  5:43  Marine x3  
  48  5:53  Marine  
  48  5:54  Marine x2  
Show
View Real Time Build Order
Export as new Build Order

XPA Terran - Winner!

Build Orders: 1/1/1, Banshee Rush 

Get SALT Encoding   

  12  0:01  SCV  
  13  0:13  SCV  
  14  0:19  Supply Depot  
  14  0:25  SCV  
  15  0:40  SCV  
  15  0:42  Barracks  
  16  0:44  Refinery  
  16  0:53  SCV, Refinery  
  17  1:05  SCV  
  18  1:17  SCV  
  19  1:29  Orbital Command  
  19  1:35  Factory  
  19  1:49  Supply Depot, Barracks Tech Lab  
  19  1:55  SCV  
  20  2:07  SCV  
  21  2:17  Barracks Tech Lab  
  21  2:20  Starport  
  21  2:22  SCV  
  22  2:26  Siege Tank  
  25  2:30  Supply Depot  
  25  2:34  SCV  
  24  2:46  SCV  
  25  2:53  Marine  
  25  2:58  SCV, Siege Tank  
  26  3:10  SCV, Cloaking Field  
  27  3:22  Banshee, SCV  
  27  3:25  Marine  
  32  3:34  SCV  
  32  3:36  Supply Depot  
  33  3:46  Marine  
  33  3:47  SCV  
  35  3:59  SCV, Supply Depot  
  36  4:04  Banshee  
  36  4:07  Siege Tank, Marine  
  43  4:16  Barracks  
  42  4:25  Marine  
  43  4:47  Medivac  
  43  4:52  Siege Tank  
  48  5:17  Medivac  
Tags
 
Add a new tag
Caveats
  • Supply blocks, unpowered buildings, or Contaminate may cause inaccurate times.
  • Supply counts are checked every 10 seconds.